 Dungeon Crawl Stone Soup version 0.26.0-16-gc1dbca0489 (webtiles) character file.

Game seed: 8371804932624863744

113 pokeman the Magician (level 4, 0/25 HPs)
             Began as a Deep Elf Hedge Wizard on Jan 19, 2021.
             Slain by an orc
             ... wielding a +0 trident
              (6 damage)
             ... on level 3 of the Dungeon.
             The game lasted 00:05:16 (3101 turns).

pokeman the Magician (Deep Elf Hedge Wizard)        Turns: 3101, Time: 00:05:17

Health: 0/25       AC:  4    Str:  7    XL:     4   Next: 65%
Magic:  6/13       EV: 12    Int: 20    God:
Gold:   73         SH:  0    Dex: 14    Spells: 3/14 levels left

rFire    . . .     SeeInvis .   a - +0 dagger
rCold    . . .     Faith    .   (no shield)
rNeg     . . .     Spirit   .   j - +0 leather armour
rPois    .         Reflect  .   l - +0 helmet
rElec    .         Harm     .   (no cloak)
rCorr    .         Rampage  .   (no gloves)
Will     .....                  (no boots)
Stlth    ++........             (no amulet)
HPRegen  0.08/turn              (no ring)
MPRegen  0.13/turn              (no ring)

@: very slightly contaminated
A: no striking features
a: no special abilities


You were on level 3 of the Dungeon.
You visited 1 branch of the dungeon, and saw 3 of its levels.

You collected 73 gold pieces.

Inventory:

Hand Weapons
 a - a +0 dagger (weapon)
Missiles
 e - 15 arrows
 h - 18 bolts
Armour
 j - a +0 leather armour (worn)
 l - a +0 helmet (worn)
Jewellery
 d - an uncursed ring of ice
 k - an uncursed amulet of guardian spirit
Scrolls
 b - 3 scrolls of identify {unknown}
 c - a scroll of enchant armour {unknown}
 g - a scroll of enchant weapon {unknown}
 i - a scroll of immolation {unknown}
Potions
 f - a potion of lignification {unknown}
 m - a potion of haste {unknown}


   Skills:
 - Level 1.0 Fighting
 + Level 1.2 Armour
 + Level 2.8 Dodging
 - Level 2.4 Stealth
 * Level 5.8 Spellcasting
 + Level 2.3 Conjurations
 - Level 1.1 Summonings
 - Level 1.1 Translocations


You had 3 spell levels left.
You knew the following spells:

 Your Spells              Type           Power        Failure   Level
a - Magic Dart            Conj           60%          6%          1
b - Mephitic Cloud        Conj/Pois/Air  9%           32%         3
c - Call Imp              Summ           10%          16%         2
d - Blink                 Tloc           N/A          16%         2
e - Conjure Flame         Conj/Fire      10%          28%         3

Your spell library contained the following spells:

 Spells                   Type           Power        Failure   Level
 Slow                     Hex            5%           24%         2


Dungeon Overview and Level Annotations

Branches:
Dungeon (3/15)

Altars:
Fedhas
Kikubaaqudgha
Wu Jian
Beogh


Message History

The orc hits you from afar with a +0 trident.
* * * LOW HITPOINT WARNING * * *
Casting: Magic Dart (safe; 6% risk of failure)
Confirm with . or Enter, or press ? or * to list all spells.
Aiming: Magic Dart (safe; 6% risk of failure)
Press: ? - help, Shift-Dir - straight line, f/p - orc
Aim: an orc, wielding a +0 hand axe and wearing a +0 leather armour (almost dead, 0% to evade)
The magic dart hits the orc but does no damage.
The orc is almost dead.
The orc closely misses you. x2
Casting: Magic Dart (safe; 6% risk of failure)
Confirm with . or Enter, or press ? or * to list all spells.
Aiming: Magic Dart (safe; 6% risk of failure)
Press: ? - help, Shift-Dir - straight line, f/p - orc
Aim: an orc, wielding a +0 hand axe and wearing a +0 leather armour (almost dead, 0% to evade)
You miscast Magic Dart.
You are very lightly contaminated with residual magic.
Nothing appears to happen.
The orc barely misses you.
The orc hits you from afar with a +0 trident.
You die...

##################
......(..........#
.##.#####)######.#
###.#####.### #.#
..÷.<†.####$.. #@#
.....))..#$8.8.#o#
######...#_$$..o.#
#...#$8$8o#.#
#...##..$####
#....######
#....####.##
#..........#
........####).#


You could see 3 orcs.

Vanquished Creatures
  An orc priest (D:2)
  2 adders
  An ooze (D:1)
  4 leopard geckos
  5 orcs
  A ball python (D:2)
  A giant cockroach (D:2)
  7 goblins
  5 hobgoblins
  9 kobolds
  5 bats
  5 frilled lizards
  12 rats
58 creatures vanquished.

Vanquished Creatures (collateral kills)
  An orc (D:1)
1 creature vanquished.

Grand Total: 59 creatures vanquished

Notes
Turn   | Place    | Note
-------+----------+-------------------------------------------
     0 | D:1      | pokeman the Deep Elf Hedge Wizard began the quest for the
                  | Orb.
     0 | D:1      | Reached XP level 1. HP: 10/10 MP: 7/7
   253 | D:1      | Reached XP level 2. HP: 13/16 MP: 3/9
   806 | D:1      | Reached skill level 5 in Spellcasting
  1009 | D:1      | Reached XP level 3. HP: 20/20 MP: 8/11
  1013 | D:1      | Learned a level 3 spell: Mephitic Cloud
  1016 | D:1      | Learned a level 2 spell: Call Imp
  1019 | D:1      | Learned a level 2 spell: Blink
  1023 | D:1      | Learned a level 3 spell: Conjure Flame
  1713 | D:2      | Reached skill level 1 in Fighting
  1867 | D:2      | Found an ancient bone altar of Kikubaaqudgha.
  1929 | D:2      | Found a blossoming altar of Fedhas.
  2036 | D:2      | Found an ornate altar of the Wu Jian Council.
  2263 | D:2      | Reached skill level 1 in Armour
  2305 | D:1      | HP: 1/20 [orc/+0 flail (2)]
  2631 | D:2      | Reached XP level 4. HP: 24/25 MP: 3/13
  3090 | D:3      | Found a roughly hewn altar of Beogh.
  3101 | D:3      | Slain by an orc

Illustrated notes

Levels and vault maps discovered:
D:1:      minmay_arrival_stone_box, layout_loops_corners, serial_forest,
          infiniplex_forest_clump_curved, infiniplex_forest_corner_1,
          infiniplex_forest_clump_large, infiniplex_forest_clump_long,
          infiniplex_forest_clump_cross, infiniplex_forest_corner_1
D:2:      layout_rooms, lemuel_doored_altar, kiku_gazebo_garden_becter,
          overflow_temple_1_default
D:3:      layout_loops_ring, skrybe_limestone_x, kennysheep_orc_chapel

Skill      XL: |  1  2  3 |
---------------+----------+-----
Spellcasting   | 5 |  5.8
Fighting       | 1 |  1.0
Conjurations   | 2 |  2.3
Armour         | 1 |  1.2
Dodging        | |  2.8
Stealth        | |  2.4
Summonings     | |  1.1
Translocations | |  1.1

Action                   |  1- 3 |  4- 6 || total
-------------------------+-------+-------++-------
Melee: Dagger            |     7 |     1 ||     8
 Cast: Magic Dart        |   115 |    24 ||   139
       Call Imp          |     2 |       ||     2
       Mephitic Cloud    |     1 |       ||     1
 Stab: Confused          |     1 |       ||     1
Armor: Leather armour    |     7 |     3 ||    10
Dodge: Dodged            |    16 |    13 ||    29
